 Dungeon Crawl Stone Soup version 0.32-a0-42-ga30500b4d3 (webtiles) character file.

Game seed: 2966262076309794561

35 grandjackal the Ducker (level 3, -4/28 HPs)
             Began as a Demonspawn Gladiator on Jan 29, 2024.
             Slain by a goblin
             ... wielding a +4 dagger of venom
             ... led by Robin
              (6 damage)
             ... on level 2 of the Dungeon.
             The game lasted 00:01:08 (1025 turns).

grandjackal the Ducker (Demonspawn Gladiator)       Turns: 1025, Time: 00:01:09

Health: -4/28      AC:  6    Str: 14    XL:     3   Next: 17%
Magic:  3/3        EV: 11    Int: 14    God:
Gold:   106        SH:  0    Dex: 16    Spells: 2/2 levels left

rFire   . . .        a - +0 long sword
rCold   . . .        (no shield)
rNeg    . . .        h - +0 ring mail
rPois   .            (helmet restricted)
rElec   .            (no cloak)
rCorr   .            (no gloves)
SInv    .            f - +0 pair of boots
Will    .....        (no amulet)
Stlth   +            l - +6 ring of intelligence
HPRegen 0.24/turn    (no ring)
MPRegen 0.08/turn

%: no passive effects
@: brilliant, lethally poisoned (-4 -> -8)
A: demonic touch 1, horns 1, screaming 1
a: no special abilities


You were on level 2 of the Dungeon.
You visited 1 branch of the dungeon, and saw 2 of its levels.

You collected 106 gold pieces.

Inventory:

Hand Weapons
 a - a +0 long sword (weapon)
Missiles
 d - 3 throwing nets (quivered)
 e - a javelin
Armour
 c - a +0 helmet
 f - a +0 pair of boots (worn)
 h - a +0 ring mail (worn)
Jewellery
 b - a ring of ice
 l - a +6 ring of intelligence (left hand)
Scrolls
 i - 2 scrolls of identify {unknown}
 k - a scroll of torment {unknown}


   Skills:
 + Level 2.6 Fighting
 - Level 2.8 Long Blades
 - Level 2.1 Throwing
 + Level 3.0 Dodging
 + Level 0.7 Unarmed Combat


You had 2 spell levels left.
You didn't know any spells.
Your spell library contained the following spells:

 Spells                   Type           Power      Damage    Failure   Level
 Shock                    Conj/Air       0%         1d3       52%         1
 Swiftness                Air            0%         N/A       87%         3
 Airstrike                Air            0%         2d(0-16)  99%         4


Dungeon Overview and Level Annotations

Branches:
Dungeon (2/15)

Altars:

Annotations:
D:2 Robin


Innate Abilities, Weirdness & Mutations

Your touch may inflict minor irresistible damage on your foes.
You have a pair of small horns on your head.
You occasionally shout uncontrollably at your foes.


Message History

Things that are here:
a +0 club; a +0 sling The goblin attacks as it pursues you!
The goblin barely misses you. The goblin attacks as it pursues you!
The goblin barely misses you. The goblin attacks as it pursues you!
The goblin closely misses you. 2 goblins come into view.
The goblin shouts!
You hear a shout!
A goblin comes into view. It is wielding a +0 dagger.
The goblin attacks as it pursues you! The goblin closely misses you.
The goblin attacks as it pursues you! The goblin hits you but does no damage.
The goblin no longer looks unusually strong.
The goblin no longer looks unusually strong.
The goblin attacks as it pursues you! The goblin misses you.
Robin throws the goblin at you! The goblin barely misses you.
Robin throws the goblin at you! The goblin barely misses you.
The goblin hits you with a +0 club.
The goblin no longer looks unusually strong. x2
The goblin closely misses you.
The goblin no longer looks unusually strong.
The goblin unwields a +0 club.
The goblin wields a +0 sling.
The goblin shoots a sling bullet.
The sling bullet barely misses you. The goblin attacks as it pursues you!
The goblin hits you with a +4 dagger of venom.
* * * LOW HITPOINT WARNING * * *
You are lethally poisoned!
* * * LOW HITPOINT WARNING * * *
You feel sick. The goblin attacks as it pursues you!
The goblin closely misses you.
It was a potion of brilliance.
You feel clever all of a sudden.
* * * LOW HITPOINT WARNING * * *
You feel sick.
It was a potion of mutation.
You feel extremely strange.
You feel the urge to shout. A pair of horns grows on your head!
Your +0 helmet falls away!
* * * LOW HITPOINT WARNING * * *
You feel sick.
The goblin shoots a sling bullet.
The sling bullet closely misses you.
The goblin hits you with a +4 dagger of venom.
You die...

#.###..# ######### #.#
#...g# #.......###.##
#.#gg# #.......##...##
#.#.##.###.......#.....##
#....g..................#
###.##g###.......#.....##
#.##g###.......##...##
#.....g#.......###.##
####.#@#.##[#### #.#
#........# #.# ###.#.####
#.# #......# #.#
#.#.#..###### #.#
#.#.#.......###.# #
#....####.....#
###....##.#####
###..#.##.#


You could see 4 goblins.

Vanquished Creatures
  An adder (D:2)
  A dart slug (D:1)
  3 bats
  2 endoplasms
  3 goblins
  A hobgoblin (D:1)
  4 jackals (D:1)
  A quokka (D:1)
  4 ball pythons
  A frilled lizard (D:1)
  A rat (D:1)
22 creatures vanquished.

Notes
Turn   | Place    | Note
-------+----------+-------------------------------------------
     0 | D:1      | grandjackal the Demonspawn Gladiator began the quest for
                  | the Orb.
     0 | D:1      | Reached XP level 1. HP: 16/16 MP: 1/1
   275 | D:1      | Gained mutation: Your touch may inflict minor irresistible
                  | damage on your foes. [demonic ancestry]
   275 | D:1      | Reached XP level 2. HP: 22/22 MP: 2/2
   885 | D:2      | Reached skill level 3 in Dodging
   998 | D:2      | Noticed Robin
  1006 | D:2      | Reached XP level 3. HP: 9/28 MP: 3/3
  1025 | D:2      | Gained mutation: You occasionally shout uncontrollably at
                  | your foes. [potion of mutation]
  1025 | D:2      | Gained mutation: You have a pair of small horns on your
                  | head. [potion of mutation]
  1025 | D:2      | Slain by a goblin

Illustrated notes

Levels and vault maps discovered:
D:1:      saegor_arrival_simple_a, layout_basic
D:2:      layout_loops_cross, uniq_terence, uniq_robin

Skill      XL: |  1  2 |
---------------+-------+-----
Throwing       | 2 |  2.1
Dodging        | 3 |  3.0
Fighting       | |  2.6
Long Blades    | |  2.8
Unarmed Combat | |  0.7

Action                     || total
---------------------------++-------
  Melee: Long sword        ||    51
         Touch             ||     4
    Use: Potion            ||     2
 Armour: Ring mail         ||    44
         Leather armour    ||     3
  Dodge: Dodged            ||    49

Table legend: (Time is in decaauts)
 A = Elapsed time spent in this place.
 B = Non-inter-level travel time spent in this place.
 C = Inter-level travel time spent in this place.
 D = Time resting spent in this place.
 E = Time spent auto-exploring this place.
 F = Levels seen in this place.
 G = Mean time per level.
                   A        B        C        D        E       F      G
               +--------+--------+--------+--------+--------+-----+--------+
         Total |   1037 |   1007 |     30 |      0 |    812 |   2 |  518.5 |
       Dungeon |   1037 |   1007 |     30 |      0 |    812 |   2 |  518.5 |
               +--------+--------+--------+--------+--------+-----+--------+

Top non-repeatable levels by time:
     D:1: 889 daAuts
     D:2: 148 daAuts
